 Dungeon Crawl Stone Soup version 0.26.0-10-g1f06aea511 (webtiles) character file.

Game seed: 5101942728665135227

8359 ythm the Fighter (level 11, 0/60 HPs)
             Began as a Vine Stalker Hunter on Jan 14, 2021.
             Was a High Priest of Okawaru.
             Slain by an eight-headed hydra (6 damage)
             ... on level 1 of the Lair of Beasts.
             The game lasted 00:15:12 (8067 turns).

ythm the Fighter (Vine Stalker Hunter)              Turns: 8067, Time: 00:15:13

Health: 0/60       AC: 10    Str: 22    XL:     11   Next: 29%
Magic:  0/12       EV: 12    Int: 11    God:    Okawaru [*****.]
Gold:   399        SH:  0    Dex: 14    Spells: 9/10 levels left

rFire    . . .     SeeInvis .   B - +11 short sword of the Pyrrhic Victory {drain, *Noise +Inv rPois Str+3}
rCold    + . .     Faith    +   (no shield)
rNeg     . . .     Spirit   +   q - +0 chain mail
rPois    +         Reflect  .   (no helmet)
rElec    .         Harm     .   (no cloak)
rCorr    .         Rampage  .   (no gloves)
Will     +....                  (no boots)
Stlth    ..........             e - amulet of faith
HPRegen  0.60/turn              K - ring of protection from cold
MPRegen  0.13/turn              (no ring)

@: no status effects
A: fangs 3, regeneration 1, magic shield, antimagic bite, no potion heal 3
a: Renounce Religion, Evoke Invisibility, Heroism, Finesse


You were on level 1 of the Lair of Beasts.
You worshipped Okawaru.
Okawaru was extremely pleased with you.
You visited 3 branches of the dungeon, and saw 11 of its levels.

You collected 399 gold pieces.

Inventory:

Hand Weapons
 a - a +0 short sword
 f - a +1 dagger of freezing
 g - a +0 dagger of flaming
 k - a +0 trident of venom
 y - a +0 quarterstaff
 B - the +11 short sword of the Pyrrhic Victory (weapon) {drain, *Noise +Inv rPois Str+3}
   (You found it on level 4 of the Dungeon)

   A truly terrible weapon, it drains the life of those it strikes.
   It affects your strength (+3).
   It protects you from poison.
   It lets you turn invisible.
   It may make noises in combat.
 C - a +2 hand axe of electrocution
 D - a +0 war axe
 F - a +0 hand axe of freezing
Missiles
 c - 4 javelins (quivered)
 d - 2 throwing nets
 H - 8 silver boomerangs
 L - 54 poisoned darts
 S - 7 boomerangs
 Y - 7 silver javelins
Armour
 b - a +0 leather armour
 o - a +0 ring mail
 q - a +0 chain mail (worn)
 P - a +0 plate armour
Jewellery
 e - an amulet of faith (around neck)
 K - a ring of protection from cold (left hand)
 M - an uncursed ring of willpower {unknown}
Wands
 J - a wand of disintegration (33)
 O - a wand of iceblast (10)
 U - a wand of enslavement (7)
 X - a wand of paralysis (7)
Scrolls
 i - a scroll of blinking {unknown}
 m - 5 scrolls of amnesia
 p - a scroll of enchant armour {unknown}
 u - 2 scrolls of fog {unknown}
 w - 4 scrolls of immolation
 x - 4 scrolls of teleportation {unknown}
 z - a scroll of enchant weapon {unknown}
 A - 8 scrolls of identify
 G - a scroll of magic mapping {unknown}
 I - 3 scrolls of remove curse
 Q - a scroll of acquirement {unknown}
 V - a scroll of brand weapon {unknown}
 W - a scroll of random uselessness {unknown}
Potions
 h - 7 potions of curing
 j - 3 potions of cancellation
 l - a potion of mutation {unknown}
 n - 2 potions of ambrosia
 r - 3 potions of haste
 s - 2 potions of flight {unknown}
 t - 2 potions of brilliance {unknown}
 v - 2 potions of resistance {unknown}
 E - 2 potions of magic {unknown}
 N - 4 potions of might {unknown}
 R - a potion of degeneration {unknown}
 T - a potion of berserk rage {unknown}


   Skills:
 + Level 8.5 Fighting
 + Level 8.2 Axes
 - Level 3.6 Throwing
 - Level 7.0 Armour
 - Level 7.0 Dodging
 - Level 1.2 Stealth


You had 9 spell levels left.
You knew the following spells:

 Your Spells              Type           Power        Failure   Level
a - Apportation           Tloc           0%           94%         1

Your spell library contained the following spells:

 Spells                   Type           Power        Failure   Level


Dungeon Overview and Level Annotations

Branches:
Dungeon (9/15)             Temple (1/1) D:7            Lair (1/6) D:9
    Orc (0/2) D:9

Altars:
Ashenzari
Cheibriados
Dithmenos
Elyvilon
Fedhas
Gozag
Hepliaklqana
Kikubaaqudgha
Makhleb
Nemelex Xobeh
Okawaru
Qazlal
Ru
Sif Muna
Trog
Uskayaw
Vehumet
Wu Jian
Xom
Yredelemnul
Zin
The Shining One

Shops:
D:4 =   D:5 (


Innate Abilities, Weirdness & Mutations

You have razor-sharp teeth.
Your natural rate of healing is unusually fast.
When hurt, damage is shared between your health and your magic reserves.
Your bite disrupts and absorbs the magic of your enemies.
Potions cannot restore your health.


Message History

The eight-headed hydra bites you.
* * * LOW HITPOINT WARNING * * *
The eight-headed hydra bites you!
* * * LOW HITPOINT WARNING * * *
The eight-headed hydra bites you but does no damage. x2
The eight-headed hydra bites you.
* * * LOW HITPOINT WARNING * * *
The eight-headed hydra barely misses you.
Unknown command.
Unknown command.
Unknown command.
Unknown command.
Found a scroll labelled SIGHYA BYBUZYS.
The eight-headed hydra bites you.
* * * LOW HITPOINT WARNING * * *
The eight-headed hydra barely misses you.
The eight-headed hydra bites you but does no damage. x2
The eight-headed hydra barely misses you.
The eight-headed hydra bites you!
You die...

........##.............##
.........#.............#
...###....†............#
.[ #.................# .
#................##
#................##
#.................#
#...^.....D......##
##........@.....##
#..(..!........#
..............#
................
.................
............###..
......?.....#
...........##


You could see an eight-headed hydra (drained).

Vanquished Creatures
  2 hydras (Lair:1)
  Harold (D:7)
  An unseen horror (D:9)
  Sigmund (D:3)
  11 yaks
  A wyvern (D:9)
  3 water moccasins
  2 sky beasts (D:9)
  2 orc warriors
  An ice beast (D:9)
  2 black bears
  3 phantoms
  6 ogres
  2 centaurs
  2 bullfrogs (D:7)
  A gnoll sergeant (D:7)
  A water moccasin zombie (D:7)
  4 scorpions
  7 howler monkeys
  A quasit (D:9)
  3 orc priests
  A bullfrog zombie (D:5)
  A hound (D:7)
  4 jellies
  2 bullfrog skeletons
  A centaur skeleton (D:8)
  4 iguanas
  11 orc wizards
  5 worker ants
  A hound skeleton (D:9)
  3 worker ant zombies
  2 gnolls
  14 adders
  A white imp (D:5)
  2 ufetubi
  An ooze (D:3)
  3 adder skeletons
  A worm (D:5)
  7 leopard geckos
  40 orcs
  2 ball pythons
  6 giant cockroaches
  7 goblins
  5 hobgoblins
  10 jackals
  4 quokkas
  8 bats
  2 frilled lizards
  A giant cockroach zombie (D:6)
  A jackal skeleton (D:4)
  3 kobolds
  A quokka skeleton (D:5)
  4 rats
215 creatures vanquished.

Notes
Turn   | Place    | Note
-------+----------+-------------------------------------------
     0 | D:1      | ythm the Vine Stalker Hunter began the quest for the Orb.
     0 | D:1      | Reached XP level 1. HP: 11/11 MP: 2/2
   470 | D:1      | Reached XP level 2. HP: 11/15 MP: 3/3
   908 | D:1      | Reached skill level 1 in Armour
  1020 | D:1      | Reached XP level 3. HP: 18/18 MP: 4/4
  2189 | D:3      | Found a broken altar of Ashenzari.
  2315 | D:3      | Noticed Sigmund
  2351 | D:3      | Killed Sigmund
  2352 | D:3      | Gained mutation: Your natural rate of healing is unusually
                  | fast. [Vine Stalker growth]
  2352 | D:3      | Reached XP level 4. HP: 7/24 MP: 5/5
  2352 | D:3      | Reached XP level 5. HP: 9/28 MP: 6/6
  2910 | D:4      | Found a sparkling altar of Nemelex Xobeh.
  2932 | D:4      | Reached XP level 6. HP: 31/32 MP: 5/7
  3084 | D:4      | Found an ancient bone altar of Kikubaaqudgha.
  3084 | D:4      | Found a shimmering blue altar of Sif Muna.
  3086 | D:4      | Found a radiant altar of Vehumet.
  3090 | D:4      | Identified Sif Muna's Tome of Orientation
  3094 | D:4      | Learned a level 1 spell: Apportation
  3129 | D:4      | Found a sacrificial altar of Ru.
  3129 | D:4      | You fall into a shaft and drop 1 floor!
  3129 | D:5      | Entered Level 5 of the Dungeon
  3129 | D:5      | Found Qodac's Antique Weapon Shop.
  3146 | D:4      | Got a crude short sword
  3147 | D:4      | Identified the +11 short sword of the Pyrrhic Victory
                  | {drain, *Noise +Inv rPois Str+3} (You found it on level 4
                  | of the Dungeon)
  3280 | D:4      | Reached XP level 7. HP: 21/37 MP: 8/8
  3484 | D:4      | Reached skill level 1 in Axes
  3590 | D:4      | Found Zylus's Jewellery Emporium.
  3801 | D:5      | Found a burning altar of Makhleb.
  3802 | D:5      | Found a snail-covered altar of Cheibriados.
  4014 | D:5      | Gained mutation: You have razor-sharp teeth. [Vine Stalker
                  | growth]
  4014 | D:5      | Reached XP level 8. HP: 42/42 MP: 9/9
  4471 | D:6      | Reached skill level 5 in Fighting
  4631 | D:6      | Found a basalt altar of Yredelemnul.
  4984 | D:7      | Reached XP level 9. HP: 42/47 MP: 10/10
  5028 | D:7      | Reached skill level 5 in Axes
  5086 | D:7      | Reached skill level 5 in Dodging
  5310 | D:7      | Found a staircase to the Ecumenical Temple.
  5603 | D:7      | Noticed Harold
  5659 | D:7      | Killed Harold
  5660 | D:7      | Reached skill level 5 in Armour
  5774 | Temple   | Entered the Ecumenical Temple
  5984 | Temple   | Became a worshipper of Warmaster Okawaru
  6266 | D:8      | Reached XP level 10. HP: 48/53 MP: 8/11
  6312 | D:7      | Reached * piety under Okawaru
  6412 | D:8      | Reached ** piety under Okawaru
  6716 | D:8      | Found a stormy altar of Qazlal.
  6946 | D:9      | Found a glowing golden altar of the Shining One.
  6960 | D:9      | Found a staircase to the Orcish Mines.
  7006 | D:9      | Found a hide-covered altar of Uskayaw.
  7009 | D:9      | Found a basalt altar of Yredelemnul.
  7034 | D:9      | Reached *** piety under Okawaru
  7235 | D:9      | Killed an unseen horror
  7275 | D:9      | Reached **** piety under Okawaru
  7362 | D:9      | Reached XP level 11. HP: 56/59 MP: 10/12
  7611 | D:9      | Found a staircase to the Lair.
  7886 | Lair:1   | Entered Level 1 of the Lair of Beasts
  7886 | Lair:1   | Noticed an eight-headed hydra
  7899 | Lair:1   | Killed an eight-headed hydra
  7899 | Lair:1   | Received a gift from Okawaru
  7967 | Lair:1   | Noticed a five-headed hydra
  7974 | Lair:1   | Killed a five-headed hydra
  7974 | Lair:1   | Reached ***** piety under Okawaru
  8042 | Lair:1   | Noticed an eight-headed hydra
  8067 | Lair:1   | Slain by an eight-headed hydra

Illustrated notes

Levels and vault maps discovered:
D:1:      dpeg_arrival_round_c, layout_basic, minivault_11
D:2:      layout_rooms
D:3:      layout_loops_corners, nicolae_overflow_crystal_walls, chequers_jeans,
          wander_ebering_terrifying_dragon_lair, uniq_sigmund
D:4:      layout_rooms, grunt_temple_overflow_magic_moments,
          nemelex_xobeh_ov_fountains_minmay, lemuel_round_altar, serial_shops,
          nicolae_shop_temple_entry_statues_fountains
D:5:      layout_basic, gammafunk_temple_overflow_statue, serial_shops,
          nicolae_shop_window_shopping, minmay_crystal_room, minmay_checkerbox
D:6:      layout_loops_cross, basic_altar, chequers_serial_rivers_micro_a,
          minmay_diced_spiral
D:7:      layout_basic, minmay_temple_entry_drinking_statues, uniq_harold
D:8:      layout_basic, lemuel_coloured_pillars_altar, interstate_on_off
D:9:      layout_irregular_city, lemuel_crystal_altar, minitemple,
          lair_entry_dummy, orc_0_dummy
Temple:   dpeg_chambers_temple
Lair:1:   beast_lair_carwin_large_3, layout_cave_pods, uniq_erica

Skill      XL: |  1  2  3  4  5  6  7  8  9 10 11 |
---------------+----------------------------------+-----
Fighting       | 2 3 4 5 6 7 8 |  8.5
Dodging        | 2 3 4 5 7 |  7.0
Armour         | 1 2 3 4 5 6 7 |  7.0
Axes           | 2 4 6 7 8 |  8.2
Throwing       | |  3.6
Stealth        | |  1.2

Action                   |  1- 3 |  4- 6 |  7- 9 | 10-12 || total
-------------------------+-------+-------+-------+-------++-------
Melee: Dagger            |   127 |    77 |       |       ||   204
       Short sword       |    11 |    18 |   228 |   195 ||   452
       Bite              |    21 |    28 |    69 |    68 ||   186
Throw: Javelin           |       |       |       |     7 ||     7
Invok: Heroism           |       |       |       |     5 ||     5
  Use: Scroll            |     7 |       |       |       ||     7
       Potion            |     2 |       |       |     2 ||     4
 Stab: Sleeping          |     2 |       |       |       ||     2
Armor: Leather armour    |    14 |       |       |       ||    14
       Ring mail         |    17 |       |       |       ||    17
       Chain mail        |    15 |    37 |    87 |   105 ||   244
Dodge: Dodged            |    82 |    35 |   102 |   127 ||   346
